 Dungeon Crawl Stone Soup version 0.28.0-43-g3370ac3207 (webtiles) character file.

Game seed: 14122620497782894812

32 fleeber the Chopper (level 3, 0/33 HPs)
             Began as a Minotaur Berserker on Mar 16, 2022.
             Was a Follower of Trog.
             Slain by Sigmund
             ... wielding a +0 scythe
              (7 damage)
             ... on level 2 of the Dungeon.
             The game lasted 00:04:51 (1278 turns).

fleeber the Chopper (Minotaur Berserker)            Turns: 1278, Time: 00:04:52

Health: 0/33       AC:  8    Str: 21    XL:     3   Next: 10%
Magic:  2/2        EV:  8    Int:  4    God:    Trog [*.....]
Gold:   38         SH:  0    Dex: 11    Spells: 2/2 levels left

rFire   . . .      SeeInvis .   a - +0 hand axe
rCold   . . .      Faith    .   (no shield)
rNeg    . . .      Spirit   .   c - +0 chain mail
rPois   .          Reflect  .   (helmet restricted)
rElec   .          Harm     .   (no cloak)
rCorr   .          Rampage  .   (no gloves)
Will    .....                   (no boots)
Stlth   ..........              (no amulet)
HPRegen 0.11/turn               (no ring)
MPRegen 0.08/turn               (no ring)

@: confused, on berserk cooldown, slowed, very slow
A: horns 2, retaliatory headbutt
a: Renounce Religion, Berserk


You were on level 2 of the Dungeon.
You worshipped Trog.
Trog was aware of your devotion.
You visited 1 branch of the dungeon, and saw 2 of its levels.

You collected 38 gold pieces.

Inventory:

Hand Weapons
 a - a +0 hand axe (weapon)
Armour
 c - a +0 chain mail (worn)
Scrolls
 b - 2 scrolls of identify {unknown}
 d - a scroll of fog {unknown}
 g - a scroll of noise {unknown}
Potions
 e - 2 potions of flight {unknown}
 f - 2 potions of haste {unknown}


   Skills:
 + Level 4.1 Fighting
 * Level 4.7 Axes
 + Level 2.5 Armour
 + Level 2.2 Dodging


You had 2 spell levels left.
You didn't know any spells.
Your spell library was empty.

Dungeon Overview and Level Annotations

Branches:
Dungeon (2/15)

Altars:

Annotations:
D:2 Sigmund


Innate Abilities, Weirdness & Mutations

You have a pair of horns on your head.
You reflexively headbutt those who attack you in melee.


Message History

Sigmund hits you from afar with a +0 scythe.
The rat bites you but does no damage.
You slash the rat!
You kill the rat!
Trog accepts your kill.
Sigmund points at you and mumbles some strange words.
You resist with significant effort.
You see here a rat corpse.
A red film seems to cover your vision as you go berserk!
You feel yourself moving faster!
You feel mighty!
Sigmund mumbles some strange words.
Sigmund flickers and vanishes!
Deactivating autopickup; reactivate with Ctrl-A.
You feel a strong urge to attack something.
Something hits you!
You closely miss something. Your headbutt misses something.
You barely miss something. You slash something! Something hits you!
You barely miss something. You barely miss something. Something hits you.
You miss something. Your headbutt misses something.
You completely miss something. Something hits you.
You closely miss something. Your headbutt misses something.
You barely miss something. Something hits you but does no damage.
You closely miss something. Your headbutt misses something.
You closely miss something.
You hear some strange, mumbled words.
You are confused.
You miss something. Your headbutt misses something.
You bump into the rock wall.
Something hits you.
You bump into the rock wall.
You feel a strong urge to attack something.
You miss something.
You are no longer berserk.
You are exhausted.
You feel yourself slow down. Something hits you. Something hits you.
* * * LOW HITPOINT WARNING * * *
You bump into the rock wall.
Something hits you!
You die...

#.# #.# #.# #.# #.# ## ###
#.# ###.### #...
##.#############@#...##..##
.......<.......##.##.......
...############
##{#.@.####.. ##.#
##.##....... ##.# ##.#...#
.#.# ###########.# .#.#
#..........#.# .#.#
#.############ ##.# #.#


There were no monsters in sight!

Vanquished Creatures
  2 dart slugs (D:1)
  A ball python (D:1)
  3 bats
  3 endoplasms
  A giant cockroach (D:1)
  2 goblins (D:1)
  A hobgoblin (D:1)
  4 quokkas
  A frilled lizard (D:1)
  5 kobolds
  3 rats
26 creatures vanquished.

Notes
Turn   | Place    | Note
-------+----------+-------------------------------------------
     0 | D:1      | fleeber the Minotaur Berserker began the quest for the Orb.
     0 | D:1      | Reached XP level 1. HP: 19/19 MP: 0/0
   191 | D:1      | Reached XP level 2. HP: 26/27 MP: 1/1
   911 | D:2      | Reached XP level 3. HP: 23/33 MP: 2/2
  1255 | D:2      | Noticed Sigmund
  1278 | D:2      | Slain by Sigmund

Illustrated notes

Levels and vault maps discovered:
D:1:      mrwooster_arrival_arrow, layout_basic
D:2:      wad_crossroads, layout_loops_ring, uniq_sigmund

Skill      XL: |  1  2 |
---------------+-------+-----
Axes           | 4 |  4.7
Fighting       | 4 |  4.1
Armour         | |  2.5
Dodging        | |  2.2

Action                   || total
-------------------------++-------
Melee: Hand axe          ||    72
       Headbutt          ||     6
       Punch             ||     1
Invok: Berserk           ||     1
Armor: Animal skin       ||     4
       Chain mail        ||    22
Dodge: Dodged            ||    15
